 Dungeon Crawl Stone Soup version 0.30-b1-2-g02819fbbbe (webtiles) character file.

Game seed: 5968263619871238183

799 sanka the Covered (level 7, 0/66 HPs)
             Began as an Armataur Wanderer on May 8, 2023.
             Was a Follower of Ru.
             Killed from afar by Ijyb (17 damage)
             ... with a bolt of acid
             ... on level 3 of the Dungeon.
             The game lasted 00:07:15 (3274 turns).

sanka the Covered (Armataur Wanderer)               Turns: 3274, Time: 00:07:15

Health: 0/66       AC:  9    Str: 23    XL:     7   Next: 59%
Magic:  9/9        EV:  8    Int: 13    God:    Ru [*.....]
Gold:   105        SH:  0    Dex:  5    Spells: 8/9 levels left

rFire   + . .        j - +0 mace (protect)
rCold   . . .        (no shield)
rNeg    . . .        t - +2 ring mail {rF+}
rPois   .            m - +0 helmet
rElec   .            (no cloak)
rCorr   .            (no gloves)
SInv    .            (no barding)
Will    .....        (no amulet) Stlth
                     (no ring)
HPRegen 0.31/turn    (no ring)
MPRegen 0.11/turn

%: roll
@: corroded, under a protective aura
A: large, rugged brown scales 3, deformed body, hated by all, armoured tail,
roll, long tongue, awkward tongue
a: Renounce Religion


You were on level 3 of the Dungeon.
You worshipped Ru.
Ru was aware of your devotion.
You visited 1 branch of the dungeon, and saw 3 of its levels.
You also visited: Sewer.

You collected 105 gold pieces.

Inventory:

Hand Weapons
 a - a +0 club
 j - a +0 mace of protection (weapon)
Missiles
 p - a curare-tipped dart {=f}
Armour
 l - the +3 leather armour "Haruj" {rF+ rC- Will+}
   (You found it on level 2 of the Dungeon)

   rF:        It protects you from fire.
   rC:        It makes you vulnerable to cold.
   Will:      It increases your willpower.
 m - a +0 helmet (worn)
 n - a +0 plate armour
 t - a +2 ring mail of fire resistance (worn)
Scrolls
 c - a scroll of teleportation {@r4}
 d - a scroll of enchant weapon {unknown}
 f - a scroll of vulnerability {unknown}
 g - 4 scrolls of identify {unknown}
 h - a scroll of noise {unknown}
 i - a scroll of enchant armour {unknown}
 o - a scroll of fog {unknown}
 r - a scroll of summoning {unknown}
 s - a scroll of torment {unknown}
Potions
 b - a potion of curing {@q1}
 e - a potion of ambrosia {unknown}
 k - a potion of invisibility {unknown}
 q - a potion of haste {unknown}


   Skills:
 + Level 5.7 Fighting
 + Level 4.9 Maces & Flails
 - Level 6.0 Armour
 - Level 1.7 Spellcasting
 - Level 1.7 Air Magic
 - Level 1.0 Evocations


You had 8 spell levels left.
You knew the following spells:

 Your Spells              Type           Power      Damage    Failure   Level
a - Shock                 Conj/Air       12%        1d3       28%         1

Your spell library contained the following spells:

 Spells                   Type           Power      Damage    Failure   Level
 Vhi's Electric Charge    Tloc/Air       6%         N/A       63%         3
 Malign Gateway           Summ/Tloc      Unusable   N/A       N/A         7
 Summon Horrible Things   Summ           Unusable   N/A       N/A         8

Dungeon Overview and Level Annotations

Branches:
Dungeon (3/15)              Sewer (visited)

Altars:
Ru

Annotations:
D:3 Ijyb


Innate Abilities, Weirdness & Mutations

You are completely covered in rugged brown scales. (AC +3, +7% HP)
Armour fits poorly on your strangely shaped body.
You are hated by all.
You have a long armoured tail.
You roll when moving toward enemies. (Rampage)
Your long tongue fully drains potion bottles. (2x potion effects)
Your tongue gives you trouble enunciating. (1.5x scroll delay)


Message History

You hit Ijyb but do no damage.
Ijyb is moderately wounded.
The hobgoblin hits you but does no damage.
Ijyb zaps a wand.
The bolt of acid hits you! The acid corrodes you!
The hobgoblin barely misses you. Ijyb barely misses you.
You barely miss Ijyb.
Your tail-slap misses Ijyb.
Ijyb is moderately wounded.
The hobgoblin barely misses you.
Ijyb zaps a wand.
The bolt of acid hits you! The acid corrodes you!
Unknown command.
You completely miss Ijyb.
Ijyb is moderately wounded.
The hobgoblin hits you but does no damage.
Ijyb zaps a wand.
The bolt of acid misses you.
Unknown command.
You barely miss Ijyb.
Ijyb is moderately wounded.
The hobgoblin is stunned by your conviction and fails to attack.
Ijyb is stunned by your conviction and fails to attack.
Unknown command.
You closely miss Ijyb.
Ijyb is moderately wounded.
The hobgoblin hits you. Ijyb closely misses you.
You barely miss Ijyb. You tail-slap Ijyb.
Ijyb is moderately wounded.
The hobgoblin barely misses you. Ijyb hits you with a +0 club.
You miss Ijyb.
Ijyb is moderately wounded.
The hobgoblin barely misses you.
Ijyb zaps a wand.
The bolt of acid hits you! The hobgoblin barely misses you.
Ijyb hits you with a +0 club.
* * * LOW HITPOINT WARNING * * *
You closely miss Ijyb.
Ijyb is moderately wounded.
The hobgoblin barely misses you. Ijyb closely misses you.
Unknown command.
You hit Ijyb but do no damage.
Your weapon exudes an aura of protection.
Ijyb is moderately wounded.
The hobgoblin barely misses you.
Ijyb zaps a wand.
The bolt of acid hits you!
You die...

### ..# ######.# #
#. ..#.# .
#.##.##.#.# ...
#...>.....###....
.####.............
..........@g......
#####.#.###g..####
..........+...+
####....###...#
#....# #### #....#
#. #....####### ..
#........... #.
#...######## #.


You could see Ijyb and a hobgoblin.

Vanquished Creatures
  Sigmund (D:2)
  4 kobold brigands (Sewer)
  A scorpion (D:3)
  An orc wizard (D:3)
  Terence (D:3)
  Robin (D:2)
  A gnoll (D:1)
  3 adders
  4 river rats (Sewer)
  4 worms
  A dart slug (D:1)
  4 orcs (D:3)
  8 endoplasms
  A giant cockroach (D:2)
  5 goblins (D:2)
  7 hobgoblins
  3 jackals (D:2)
  2 quokkas
  11 ball pythons
  4 bats
  5 frilled lizards (D:1)
  10 kobolds
  6 rats
88 creatures vanquished.

Vanquished Creatures (others)
  A kobold brigand (Sewer)
  A goblin (D:2)
2 creatures vanquished.

Grand Total: 90 creatures vanquished

Notes
Turn   | Place    | Note
-------+----------+-------------------------------------------
     0 | D:1      | sanka the Armataur Wanderer began the quest for the Orb.
     0 | D:1      | sanka set off with the following items: a +0 club, a potion
                  | of curing {@q1}, a scroll of teleportation {@r4}, a +0
                  | chain mail; and the following spell memorised: Shock; and
                  | the following spells available to memorise: Vhi's Electric
                  | Charge.
     0 | D:1      | Reached XP level 1. HP: 14/14 MP: 3/3
    87 | D:1      | Reached skill level 1 in Fighting
   289 | D:1      | Reached XP level 2. HP: 24/24 MP: 4/4
   801 | D:1      | Reached XP level 3. HP: 32/32 MP: 5/5
   932 | D:2      | Identified the +3 leather armour "Haruj" {rF+ rC- Will+}
  1089 | D:2      | Found a faded altar of an unknown god.
  1104 | D:2      | Prayed at the altar of an unknown god.
  1104 | D:2      | Became a worshipper of Ru the Awakened
  1115 | D:2      | Gained mutation: You are hated by all. [Ru sacrifice]
  1115 | D:2      | Reached * piety under Ru
  1146 | D:2      | Noticed Sigmund
  1162 | D:2      | Noticed Robin
  1173 | D:2      | Killed Robin
  1174 | D:2      | Reached skill level 1 in Maces & Flails
  1407 | D:2      | Reached XP level 4. HP: 32/40 MP: 6/6
  1497 | D:2      | Killed Sigmund
  1498 | D:2      | Reached XP level 5. HP: 23/49 MP: 7/7
  1783 | D:3      | Reached XP level 6. HP: 55/55 MP: 8/8
  1816 | D:3      | Found a glowing drain.
  1825 | Sewer    | Entered a sewer
  2317 | Sewer    | Reached XP level 7. HP: 55/64 MP: 9/9
  2413 | Sewer    | Reached skill level 5 in Fighting
  2908 | D:3      | Noticed Terence
  2922 | D:3      | Killed Terence
  3261 | D:3      | Noticed Ijyb
  3274 | D:3      | Killed from afar by Ijyb

Illustrated notes

Levels and vault maps discovered:
D:1:      minmay_arrival_three_doors, layout_loops_ring, minmay_misc_feat_rugged
D:2:      layout_rooms, chequers_ecumenical_altar_twisty,
          kennysheep_generic_room_14, uniq_robin, uniq_sigmund
D:3:      layout_basic, portal_sewer_entry_b, uniq_ijyb, uniq_terence

Skill      XL: |  1  2  3  4  5  6  7 |
---------------+----------------------+-----
Fighting       | 1 2 3 4 5 |  5.7
Maces & Flails | 1 3 4 |  4.9
Armour         | |  6.0
Spellcasting   | |  1.7
Air Magic      | |  1.7
Evocations     | |  1.0

Action                     |  1- 3 |  4- 6 |  7- 9 || total
---------------------------+-------+-------+-------++-------
  Melee: Club              |    70 |       |       ||    70
         Tailslap          |    14 |    10 |    16 ||    40
         Punch             |     2 |     1 |     1 ||     4
         Mace              |    96 |   130 |   115 ||   341
 Invoke: Sacrifice Love    |     1 |       |       ||     1
    Use: Potion            |       |     2 |     1 ||     3
 Armour: Chain mail        |   134 |       |       ||   134
         Plate armour      |     3 |    76 |    39 ||   118
         Ring mail         |       |       |    21 ||    21
  Dodge: Dodged            |    80 |    14 |    32 ||   126
